 Dungeon Crawl Stone Soup version 0.30-a0-141-g30f27751c5 (webtiles) character file.

Game seed: 1208802040319573642

238 qw the Chopper (level 6, -2/38 HPs)
             Began as a Gargoyle Fighter on Sept 25, 2022.
             Shot with an arrow by a centaur (4 damage)
             ... on level 5 of the Dungeon.
             The game lasted 00:01:12 (4654 turns).

qw the Chopper (Gargoyle Fighter)                   Turns: 4654, Time: 00:01:13

Health: -2/38      AC: 17    Str: 21    XL:     6   Next: 7%
Magic:  6/6        EV:  5    Int:  9    God:
Gold:   92         SH:  4    Dex:  9    Spells: 5/5 levels left

rFire   . . .      SeeInvis .    Y - +1 war axe
rCold   + . .      Faith    .    c - +0 buckler
rNeg    + . .      Spirit   .    b - +0 plate armour
rPois   inf        Reflect  .    g - +0 helmet
rElec   +          Harm     .    (no cloak)
rCorr   .          Rampage  .    (no gloves)
Will    .....                    (no boots)
Stlth   ..........               (no amulet)
HPRegen 0.12/turn                r - ring of protection from cold
MPRegen 0.10/turn                (no ring)

@: about to teleport, weak-willed
A: sickness immunity, AC +4, negative energy resistance 1, electricity
resistance, torment resistance 1, petrification resistance
a: no special abilities


You were on level 5 of the Dungeon.
You visited 1 branch of the dungeon, and saw 5 of its levels.

You collected 278 gold pieces.
You spent 186 gold pieces at shops.


Innate Abilities, Weirdness & Mutations

You are immune to sickness and miasma.
Your stone body is resilient. (AC +4)
You are immune to poison.
You resist negative energy. (rN+)
You are resistant to electric shocks. (rElec)
You are resistant to unholy torment.
You are immune to petrification.


   Skills:
 - Level 4.2 Fighting
 + Level 5.1 Axes
 - Level 3.2 Armour
 - Level 3.2 Shields


You had 5 spell levels left.
You didn't know any spells.
Your spell library was empty.

Inventory:

Hand Weapons
 n - a +0 flail
 Y - a +1 war axe (weapon)
Missiles
 i - 4 boomerangs (quivered)
Armour
 b - a +0 plate armour (worn)
 c - a +0 buckler (worn)
 g - a +0 helmet (worn)
Jewellery
 l - a ring of ice
 r - a ring of protection from cold (left hand)
Scrolls
 a - a scroll of identify
Potions
 d - a potion of might
 e - 2 potions of curing
 f - 2 potions of haste
 j - a potion of resistance {unknown}
 m - a potion of brilliance {unknown}
 p - a potion of cancellation {unknown}
 s - a potion of attraction {unknown}

Dungeon Overview and Level Annotations

Branches:
Dungeon (5/15)
 Temple: D:4-7

Altars:
Vehumet
Zin

Shops:
D:1 [(*   D:4 *


Message History

The centaur wields a +0 shortbow.
The centaur shoots an arrow.
The arrow hits you but does no damage.
You hear a shout!
The centaur shoots an arrow.
The arrow hits you but does no damage.
The centaur shoots an arrow.
The arrow hits you.
A centaur comes into view.
The centaur shoots an arrow.
The arrow hits you!
The centaur wields a +0 shortbow.
The centaur shoots an arrow.
The arrow hits you but does no damage.
The centaur shoots an arrow.
The arrow hits you.
The centaur shoots an arrow.
The arrow hits you.
The centaur shoots an arrow.
The arrow hits you!
The centaur shoots an arrow.
The arrow hits you.
You hit the centaur.
The centaur is moderately wounded.
The centaur unwields a +0 shortbow.
The centaur barely misses you.
The centaur kicks you but does no damage.
The centaur shoots an arrow.
The arrow hits you but does no damage.
The centaur shoots an arrow.
The arrow hits you but does no damage.
The centaur hits you but does no damage.
The centaur kicks you but does no damage.
You barely miss the centaur.
The centaur is moderately wounded.
The centaur closely misses you.
The centaur kicks you but does no damage.
The centaur shoots an arrow.
The arrow hits you! The centaur barely misses you.
The centaur kicks you but does no damage.
4653 ||| READING scroll of teleportation.
As you read the scroll of teleportation, it crumbles to dust.
You feel strangely unstable.
The centaur shoots an arrow.
The arrow hits you but does no damage.
The centaur hits you but does no damage.
The centaur kicks you but does no damage.
The centaur shoots an arrow.
The arrow hits you.
The centaur hits you but does no damage.
The centaur kicks you.
You closely miss the centaur.
The centaur is moderately wounded.
The centaur barely misses you. x2; The centaur shoots an arrow.
The arrow hits you.
You die...

#.#.#..#........
#.#....#.######+#
..###............
### #............
...###............
.................#
##.#..............
#..............
#...@..........
#.....c....####..
#..........#
#..c.......#
#............
#..........###
...#.########
##.#.


You could see 2 centaurs.

Vanquished Creatures
  A necrophage (D:4)
  An orc priest (D:4)
  Terence (D:3)
  4 adders
  A worm (D:2)
  4 dart slugs
  3 orcs (D:4)
  9 ball pythons
  3 bats
  5 endoplasms
  2 giant cockroaches
  4 goblins
  8 hobgoblins
  6 jackals (D:4)
  11 kobolds
  2 quokkas
  A frilled lizard (D:1)
  3 rats
69 creatures vanquished.

Notes
Turn   | Place    | Note
-------+----------+-------------------------------------------
     0 | D:1      | qw the Gargoyle Fighter began the quest for the Orb.
     0 | D:1      | Reached XP level 1. HP: 14/14 MP: 1/1
     0 | D:1      | 0 ||| qw: Version: 0.2-a-10-g399e6c4
     0 | D:1      | 0 ||| qw: Game counter: 181
     0 | D:1      | 0 ||| qw: Always use a shield: true
     0 | D:1      | 0 ||| qw: God list: Okawaru
     0 | D:1      | 0 ||| qw: Allow faded altars: false
     0 | D:1      | 0 ||| qw: Do Orc after D:15 true
     0 | D:1      | 0 ||| qw: Do second Lair branch before Depths: true
     0 | D:1      | 0 ||| qw: Lair rune preference: random
     0 | D:1      | 0 ||| qw: Plans: Normal, Zot:1-4, God:TSO, Crypt, Tomb,
                  | Pan, Slime:5, Hells, Abyss, Orb
     0 | D:1      | 0 ||| PLANNING D:1-11
    52 | D:1      | Reached skill level 2 in Axes
   192 | D:1      | Reached XP level 2. HP: 11/19 MP: 2/2
   400 | D:1      | 400 ||| Stepping ~*~*~tactically~*~*~ (stealth).
   402 | D:1      | 402 ||| Stepping ~*~*~tactically~*~*~ (stealth).
   468 | D:1      | 468 ||| Stepping ~*~*~tactically~*~*~ (stealth).
   506 | D:1      | 506 ||| Stepping ~*~*~tactically~*~*~ (stealth).
   507 | D:1      | 507 ||| Stepping ~*~*~tactically~*~*~ (stealth).
   509 | D:1      | 509 ||| Stepping ~*~*~tactically~*~*~ (stealth).
   510 | D:1      | 510 ||| Stepping ~*~*~tactically~*~*~ (stealth).
   511 | D:1      | 511 ||| Stepping ~*~*~tactically~*~*~ (stealth).
   513 | D:1      | 513 ||| Stepping ~*~*~tactically~*~*~ (stealth).
   516 | D:1      | 516 ||| Stepping ~*~*~tactically~*~*~ (stealth).
   519 | D:1      | 519 ||| Stepping ~*~*~tactically~*~*~ (stealth).
   520 | D:1      | 520 ||| Stepping ~*~*~tactically~*~*~ (stealth).
   653 | D:1      | 653 ||| Stepping ~*~*~tactically~*~*~ (stealth).
   661 | D:1      | 661 ||| Stepping ~*~*~tactically~*~*~ (stealth).
   664 | D:1      | 664 ||| Stepping ~*~*~tactically~*~*~ (stealth).
   666 | D:1      | 666 ||| Stepping ~*~*~tactically~*~*~ (stealth).
   677 | D:1      | 677 ||| Stepping ~*~*~tactically~*~*~ (stealth).
   684 | D:1      | 684 ||| Stepping ~*~*~tactically~*~*~ (stealth).
   689 | D:1      | 689 ||| Stepping ~*~*~tactically~*~*~ (stealth).
   691 | D:1      | 691 ||| Stepping ~*~*~tactically~*~*~ (stealth).
   787 | D:1      | Found Axakh's Antique Weapon Shop.
   788 | D:1      | Found Ytoazem's Armour Emporium.
   801 | D:1      | Reached skill level 3 in Axes
   803 | D:1      | 803 ||| SHOPLISTING +0 cloak (45 gold, have 25).
   803 | D:1      | 803 ||| SHOPLISTING +0 pair of gloves (45 gold, have 25).
   803 | D:1      | 803 ||| SHOPLISTING +1 ring mail of cold resistance (160
                  | gold, have 25).
   879 | D:1      | Found Alet's Assorted Antiques.
   887 | D:1      | 887 ||| SHOPLISTING dented jade amulet (120 gold, have 51).
   887 | D:1      | 887 ||| BUYING fizzy green potion (21 gold).
   887 | D:1      | Bought a fizzy green potion for 21 gold pieces
   887 | D:1      | 887 ||| SHOPLISTING garnet-encrusted scale mail (216 gold,
                  | have 30).
   887 | D:1      | 887 ||| BUYING scroll labelled JIGUCK BIUGASK (24 gold).
   887 | D:1      | Bought a scroll labelled JIGUCK BIUGASK for 24 gold pieces
   887 | D:1      | 887 ||| SHOPLISTING scroll labelled TIHAFR VYNOUMA (24
                  | gold, have 6).
   887 | D:1      | 887 ||| SHOPLISTING twisted opal ring (120 gold, have 6).
   904 | D:1      | Reached XP level 3. HP: 23/23 MP: 3/3
   915 | D:1      | Found a faded altar of an unknown god.
  1388 | D:1      | 1388 ||| DROPPING +0 scale mail of poison resistance.
  1389 | D:1      | 1389 ||| READING scroll labelled OTEFOEGANK.
  1390 | D:1      | 1390 ||| READING scroll labelled FISKUCW YZEENG.
  1391 | D:1      | 1391 ||| READING scroll labelled KEXKO ZIOZIL.
  1395 | D:1      | 1395 ||| READING scroll labelled JIGUCK BIUGASK.
  1396 | D:1      | 1396 ||| READING scroll labelled NOPIFAMEIRE.
  1978 | D:2      | Reached XP level 4. HP: 28/28 MP: 4/4
  2533 | D:2      | 2533 ||| UPGRADING to +0 chain mail.
  2543 | D:2      | 2543 ||| DROPPING +0 scale mail.
  2544 | D:2      | 2544 ||| READING scroll labelled TIHAFR VYNOUMA.
  2545 | D:2      | 2545 ||| READING scroll labelled AKINAT KOZIA.
  2546 | D:2      | 2546 ||| DRINKING 2 metallic coppery potions.
  2547 | D:2      | 2547 ||| READING 2 scrolls of identify.
  2547 | D:2      | 2547 ||| IDENTIFYING bubbling ruby potion
  2548 | D:2      | 2548 ||| DROPPING potion of degeneration.
  2727 | D:3      | Noticed Terence
  2728 | D:3      | 2728 ||| Stepping ~*~*~tactically~*~*~ (stealth).
  2741 | D:3      | 2741 ||| Stepping ~*~*~tactically~*~*~ (stealth).
  2744 | D:3      | 2744 ||| Stepping ~*~*~tactically~*~*~ (stealth).
  2747 | D:3      | Killed Terence
  2748 | D:3      | Reached skill level 4 in Axes
  2921 | D:3      | 2921 ||| DROPPING +0 whip.
  2945 | D:3      | Found a radiant altar of Vehumet.
  2979 | D:3      | 2979 ||| Stepping ~*~*~tactically~*~*~ (hiding).
  3303 | D:3      | Found a glowing silver altar of Zin.
  3597 | D:3      | 3597 ||| UPGRADING to +0 helmet.
  3602 | D:3      | 3602 ||| DROPPING scarf of invisibility.
  3603 | D:3      | 3603 ||| READING scroll labelled APTUOS DAEDWOCE.
  3604 | D:3      | 3604 ||| READING scroll labelled GYAKKEQ CITSE.
  3605 | D:3      | 3605 ||| DRINKING 2 fuming ruby potions.
  3606 | D:3      | 3606 ||| READING 2 scrolls of identify.
  3606 | D:3      | 3606 ||| IDENTIFYING fizzy blue potion
  3607 | D:3      | 3607 ||| DROPPING potion of magic.
  3621 | D:4      | 3621 ||| Stepping ~*~*~tactically~*~*~ (stealth).
  3748 | D:4      | Noticed a necrophage
  3749 | D:4      | 3749 ||| Stepping ~*~*~tactically~*~*~ (stealth).
  3757 | D:4      | Killed a necrophage
  3758 | D:4      | Reached skill level 5 in Axes
  3758 | D:4      | Reached XP level 5. HP: 27/32 MP: 5/5
  4261 | D:4      | Reached XP level 6. HP: 24/38 MP: 6/6
  4397 | D:4      | Found Vuops's Assorted Antiques.
  4402 | D:4      | 4402 ||| BUYING agate ring (120 gold).
  4402 | D:4      | Bought an agate ring for 120 gold pieces
  4402 | D:4      | 4402 ||| SHOPLISTING potion of haste (240 gold, have 97).
  4402 | D:4      | 4402 ||| BUYING ruby potion (21 gold).
  4402 | D:4      | Bought a ruby potion for 21 gold pieces
  4602 | D:4      | 4602 ||| UPGRADING to +0 plate armour.
  4612 | D:4      | 4612 ||| DROPPING +0 chain mail.
  4613 | D:4      | 4613 ||| UPGRADING to ring of protection from cold.
  4614 | D:4      | 4614 ||| READING scroll labelled NAISSIMITHRI.
  4615 | D:4      | 4615 ||| DRINKING 2 ruby potions.
  4616 | D:4      | 4616 ||| DROPPING potion of flight.
  4634 | D:5      | Entered Level 5 of the Dungeon
  4652 | D:5      | HP: 4/38 [centaur/arrow (7)]
  4653 | D:5      | 4653 ||| READING scroll of teleportation.
  4654 | D:5      | Shot with an arrow by a centaur

Levels and vault maps discovered:
D:1:      spicycebolla_arrival_clurvy, layout_basic,
          dreamdust_ecumenical_altar_grove, serial_shops,
          nicolae_shop_statue_plus, shop, shop
D:2:      layout_basic, serial_co_window_serial, co_window_paths_b,
          co_window_paths_a, co_window_paths_b, co_window_corner_a,
          co_window_of_opportunity_a, co_window_2corner, co_window_broadway_c,
          co_window_2corner, co_window_4corner_a, glass_columns_c,
          glass_columns_a
D:3:      layout_loops_corners, nicolae_vehumet_radiance,
          mainiacjoe_overflow_cross_hatched, serial_glass, glass_columns_a,
          glass_columns_a, uniq_terence
D:4:      layout_loops_corners, serial_shops, shop, hangedman_decor_slide_cut
D:5:      layout_basic, minitemple, uniq_blork_the_orc

Skill      XL: |  1  2  3  4  5 |
---------------+----------------+-----
Axes           | 2 3 5 |  5.1
Fighting       | 4 |  4.2
Armour         | |  3.2
Shields        | |  3.2

Action                   |  1- 3 |  4- 6 || total
-------------------------+-------+-------++-------
Melee: War axe           |    75 |    94 ||   169
Throw: Boomerang         |    37 |    25 ||    62
  Use: Scroll            |     5 |     8 ||    13
       Potion            |       |     3 ||     3
Armor: Scale mail        |    29 |       ||    29
       Chain mail        |       |    53 ||    53
       Plate armour      |       |    14 ||    14
Dodge: Dodged            |    21 |    34 ||    55
Block: Buckler           |     7 |    20 ||    27

Table legend:
 A = Non-vault XP
 B = Vault XP
 C = Vault XP percentage of total XP
 D = Non-vault monster count
 E = Vault monster count
 F = Vault count percentage of total count
                 A         B        C        D         E       F
            +---------+---------+-------+---------+---------+-------
      Total |     304 |      36 |  10.6 |      68 |       1 |   1.4
            +---------+---------+-------+---------+---------+-------
        D:1 |      44 |       0 |   0.0 |      23 |       0 |   0.0
        D:2 |      52 |       0 |   0.0 |      14 |       0 |   0.0
        D:3 |      20 |      36 |  64.3 |      11 |       1 |   8.3
        D:4 |     188 |       0 |   0.0 |      20 |       0 |   0.0
            +---------+---------+-------+---------+---------+-------
